AoeStats
← bucci71

Arabia

510326297Analyzed
2v2 RM · 19h ago on Sep 30, 2026· 30m 17s· 4 players
Game mode
Random Map
Map size
Medium (4 player)
Population
200
Speed
Normal
Resources
Standard
Victory
Conquest
Starting age
Dark Age
Ending age
Imperial Age
RankedLock teamsTeams togetherTeam positionsShared explorationLock speedFull tech treeHidden civsTurbo modeCheats
Victory
Defeat
🇮🇹 Sicilians · Italy
921
+12
🇺🇸 Lithuanians · United States
777
+18
🇨🇳 Mongols · China
856
-16
🇨🇳 Vietnamese · China
804
-14
1024935437
7:20 Loom
11:23 Feudal Age
12:43 Horse Collar
23:31 Castle Age
22:48 Wheelbarrow
23:21 Fletching
23:38 Elite Skirmisher
23:44 Pikeman
26:22 Hand Cart
风清扬
0:56 Loom
12:26 Feudal Age
13:25 Man-at-Arms
14:30 Double-Bit Axe
20:13 Castle Age
20:26 Horse Collar
23:25 Bow Saw
23:17 Heavy Plow
24:17 Gold Mining
24:17 Stone Mining
29:10 Pikeman
Leeeroy__Jenkins
4:08 Loom
9:36 Feudal Age
10:44 Double-Bit Axe
20:14 Castle Age
19:29 Forging
19:25 Scale Barding Armor
19:04 Horse Collar
21:05 Bloodlines
21:39 Bow Saw
26:22 Gold Mining
27:02 Husbandry
28:38 Fervor
bucci71
1:29 Loom
2:07 Loom
12:43 Feudal Age
13:59 Wheelbarrow
13:19 Double-Bit Axe
18:20 Horse Collar
19:33 Gold Mining
26:45 Castle Age
26:50 Scale Mail Armor
Connection lost

Rejoining the realm…

Still unreachable

The connection could not be restored.

Session expired

The server has moved on; the page needs a fresh start.